 Dungeon Crawl Stone Soup version 0.26.0-45-g9c1d065592 (webtiles) character file.

Game seed: 14401589076468305059

(classic levelgen) 926 thiole the Ducker (level 8, 0/55 HPs)
             Began as an Octopode Hedge Wizard on Feb 1, 2021.
             Was an Initiate of Gozag.
             Slain by an ogre
             ... wielding a cursed -1 giant club
              (22 damage)
             ... on level 6 of the Dungeon.
             The game lasted 00:16:10 (7396 turns).

thiole the Ducker (Octopode Hedge Wizard)           Turns: 7396, Time: 00:16:10

Health: 0/55       AC:  2    Str:  9    XL:     8   Next: 10%
Magic:  0/12       EV: 16    Int: 21    God:    Gozag
Gold:   388        SH:  0    Dex: 11    Spells: 5/13 levels left

rFire    + . .     SeeInvis .   p - +3 dagger
rCold    . . .     Faith    .   (no shield)
rNeg     . . .     Spirit   +   b - +0 hat
rPois    .         Reflect  .   s - amulet of guardian spirit (curse)
rElec    .         Harm     .   n - ring of wizardry
rCorr    .         Rampage  .   x - ring of protection from fire
Will     .....                  (no ring)
Stlth    +++.......             (no ring)
HPRegen  0.18/turn              (no ring)
MPRegen  0.13/turn              (no ring)
                                (no ring)
                                (no ring)

@: no status effects
A: almost no armour, stealthy swim, amphibious, 8 rings, constrict 8, repulsion
field 1, rugged brown scales 1, camouflage 1, blink, clever 1, gelatinous body 1
a: Blink, Renounce Religion, Potion Petition, Call Merchant, Bribe Branch


You were on level 6 of the Dungeon.
You worshipped Gozag.
Gozag was aware of your devotion.
You visited 2 branches of the dungeon, and saw 7 of its levels.

You collected 442 gold pieces.
You paid 54 gold pieces to Gozag.

Inventory:

Hand Weapons
 p - a +3 dagger (weapon)
Missiles
 i - 131 stones
 r - 4 poisoned darts
Armour
 b - a +0 hat (worn)
Magical Staves
 j - an uncursed staff of death
 w - an uncursed staff of air
Jewellery
 n - a ring of wizardry (left tentacle)
 s - a cursed amulet of guardian spirit (around mantle)
 x - a ring of protection from fire (right tentacle)
Wands
 c - a wand of acid (9)
 t - a wand of iceblast (8)
 v - a wand of paralysis (3)
Scrolls
 a - 5 scrolls of identify
 f - 3 scrolls of teleportation
 g - a scroll of fog
 k - a scroll of fear {unknown}
 o - a scroll of immolation {unknown}
 q - a scroll of amnesia {unknown}
 u - a scroll of random uselessness {unknown}
 y - a scroll of blinking {unknown}
Potions
 d - 2 potions of brilliance {unknown}
 e - 2 potions of berserk rage {unknown}
 h - a potion of haste {unknown}
 l - a potion of degeneration {unknown}
 m - 2 potions of attraction {unknown}


   Skills:
 - Level 4.0 Fighting
 - Level 4.0 Dodging
 - Level 4.0 Stealth
 - Level 3.0 Spellcasting
 - Level 3.0 Conjurations
 - Level 2.0 Summonings
 - Level 1.0 Translocations
 + Level 3.4 Transmutations
 - Level 2.0 Air Magic
 - Level 3.0 Earth Magic
 - Level 2.0 Poison Magic


You had 5 spell levels left.
You knew the following spells:

 Your Spells              Type           Power        Failure   Level
a - Magic Dart            Conj           60%          1%          1
b - Call Imp              Summ           11%          3%          2
c - Blink                 Tloc           N/A          5%          2
d - Mephitic Cloud        Conj/Pois/Air  12%          6%          3

Your spell library contained the following spells:

 Spells                   Type           Power        Failure   Level
 Slow                     Hex            3%           9%          2
 Conjure Flame            Conj/Fire      9%           9%          3


Dungeon Overview and Level Annotations

Branches:
Dungeon (6/15)             Temple (1/1) D:4

Altars:
Cheibriados
Dithmenos
Elyvilon
Fedhas
Gozag
Nemelex Xobeh
Okawaru
Qazlal
Ru
Trog
Uskayaw
Vehumet
Wu Jian
Xom
Yredelemnul
Zin
The Shining One


Innate Abilities, Weirdness & Mutations

You cannot wear most types of armour.
You are very stealthy in the water. (Stealth+)
You are amphibious.
You can wear up to eight rings at the same time.
You can use your tentacles to constrict eight enemies at once.
Your skin changes colour to match your surroundings (Stealth+).
Your rubbery body absorbs attacks. (AC +1, EV +1)
You are surrounded by a mild repulsion field. (EV +2)
You are partially covered in rugged brown scales. (AC +1, +3% HP)
You can translocate small distances at will.
Your mind is acute. (Int +2)


Message History

An ogre comes into view. It is wielding a -1 giant club.
There is a stone staircase leading up here.
p - a +3 dagger (weapon)
The helpless ogre fails to defend itself.
You puncture the ogre! You squeeze the ogre!
The ogre is severely wounded.
The ogre hits you with a cursed -1 giant club!!
You barely miss the ogre.
The ogre is severely wounded.
The ogre closely misses you.
You hit the ogre.
The ogre is severely wounded.
You completely miss the ogre. You squeeze the ogre!
The ogre is almost dead.
The ogre hits you with a cursed -1 giant club!!
You barely miss the ogre.
The ogre is almost dead.
The ogre hits you with a cursed -1 giant club!!
You die...
Your body crumbles into a pile of gold.

### ## $ ...#
##.########.#
#.........#.
#.........#
#.........#
#.....@O..#
#....<....#
##....#####
#......
#..##### ....
.##. . .#


You could see an ogre.

Vanquished Creatures
  3 centaurs (D:5)
  A scorpion (D:4)
  A hound (D:5)
  A bullfrog skeleton (D:4)
  A centaur skeleton (D:4)
  4 worker ants
  A hound skeleton (D:5)
  2 adders
  A shadow imp (D:5)
  A white imp (D:5)
  An ooze (D:3)
  3 worms
  A dart slug (D:2)
  5 leopard geckos
  6 orcs
  3 ball pythons
  8 bats
  6 giant cockroaches
  8 goblins
  7 hobgoblins
  4 jackals
  A quokka (D:5)
  5 frilled lizards
  6 kobolds
  A leopard gecko skeleton (D:5)
  6 rats
87 creatures vanquished.

Vanquished Creatures (collateral kills)
  Eustachio (D:4)
  The ghost of MrSixtyFour the Insei, an amateur DsTm (D:4)
  An ice beast (D:5)
  A scorpion (D:5)
  A hound (D:4)
  A worker ant (D:4)
  Robin (D:4)
  3 gnolls (D:2)
  An adder (D:2)
  5 goblins (D:4)
  2 hobgoblins (D:4)
  2 jackals (D:5)
20 creatures vanquished.

Grand Total: 107 creatures vanquished

Notes
Turn   | Place    | Note
-------+----------+-------------------------------------------
     0 | D:1      | thiole the Octopode Hedge Wizard began the quest for the
                  | Orb.
     0 | D:1      | Reached XP level 1. HP: 11/11 MP: 4/4
   737 | D:1      | Reached XP level 2. HP: 9/17 MP: 0/6
   743 | D:1      | Gained mutation: You are surrounded by a mild repulsion
                  | field. (EV +2) [potion of mutation]
   743 | D:1      | Gained mutation: You can translocate small distances at
                  | will. [potion of mutation]
   743 | D:1      | Gained mutation: Your mind is acute. (Int +2) [potion of
                  | mutation]
   743 | D:1      | Gained mutation: You are partially covered in rugged brown
                  | scales. (AC +1, +3% HP) [potion of mutation]
  1651 | D:2      | Reached XP level 3. HP: 21/21 MP: 0/7
  1727 | D:1      | Learned a level 2 spell: Call Imp
  1730 | D:1      | Learned a level 2 spell: Blink
  1734 | D:1      | Learned a level 3 spell: Mephitic Cloud
  2421 | D:2      | Reached XP level 4. HP: 27/27 MP: 0/8
  3771 | D:3      | Found a sparkling altar of Nemelex Xobeh.
  3818 | D:3      | Reached XP level 5. HP: 31/31 MP: 7/9
  4054 | D:4      | Noticed Eustachio
  4068 | D:4      | Killed Eustachio
  4069 | D:4      | Reached skill level 1 in Fighting
  4171 | D:4      | Reached XP level 6. HP: 23/39 MP: 3/10
  4391 | D:4      | Noticed Robin
  4416 | D:4      | Killed Robin
  4421 | D:4      | Reached skill level 1 in Air Magic
  4636 | D:4      | Found a staircase to the Ecumenical Temple.
  4645 | Temple   | Entered the Ecumenical Temple
  4896 | D:4      | Found a runed translucent gate.
  4896 | D:4      | Found a runed translucent gate.
  4898 | D:4      | Found an opulent altar of Gozag.
  4898 | D:4      | Found a runed translucent gate.
  4901 | D:4      | Noticed MrSixtyFour's ghost (amateur DsTm)
  5020 | D:4      | Reached skill level 1 in Poison Magic
  5249 | D:4      | Killed MrSixtyFour's ghost
  5250 | D:4      | Reached XP level 7. HP: 47/47 MP: 2/11
  5266 | D:4      | Became a worshipper of Gozag Ym Sagoz the Greedy
  5395 | D:5      | Entered Level 5 of the Dungeon
  5968 | D:5      | Reached skill level 1 in Earth Magic
  6485 | D:5      | Reached skill level 1 in Transmutations
  6941 | D:5      | Reached XP level 8. HP: 55/55 MP: 7/12
  7239 | D:5      | Found a shadowy altar of Dithmenos.
  7243 | D:5      | Found a snail-covered altar of Cheibriados.
  7243 | D:5      | Found a glowing golden altar of the Shining One.
  7244 | D:5      | Found a glowing silver altar of Zin.
  7248 | D:5      | Found a stormy altar of Qazlal.
  7396 | D:6      | Slain by an ogre

Illustrated notes

Levels and vault maps discovered:
D:1:      amcnicky_arrival_double_pillar, layout_basic
D:2:      layout_basic, chequers_serial_rivers_room_b
D:3:      layout_rooms, nemelex_lonely_heart_becter
D:4:      layout_rooms, temple_fountains, ebering_ghost_gozag, uniq_eustachio,
          uniq_robin
D:5:      minmay_chambers_of_fours, layout_loops_ring, minitemple,
          serial_co_window_serial, co_window_of_opportunity_a,
          co_window_corner_a, co_window_cross_1, co_window_of_opportunity_a,
          co_window_paths_a, co_window_of_opportunity_a,
          co_window_of_opportunity_a, co_window_2corner,
          co_window_unsneaky_path_c, co_window_broadway_c, co_window_cross_4,
          co_window_unsneaky_path_c, glass_columns_b, glass_columns_a,
          glass_columns_a, glass_columns_a, glass_columns_a
D:6:      layout_rooms, gammafunk_temple_overflow_wave, serial_co_window_serial,
          co_window_of_opportunity_a, co_window_corner_a, co_window_paths_a,
          co_window_corner_a, co_window_of_opportunity_a, co_window_corner_a,
          co_window_paths_a, co_window_corner_b, co_window_corner_cb,
          co_window_broadway_c, co_window_broadway_b, co_window_corner_b,
          co_window_paths_c, co_window_corner_ca, glass_columns_a,
          glass_columns_b, glass_columns_a, glass_columns_c
Temple:   cyrus_temple_forest

Skill      XL: |  1  2  3  4  5  6  7  8 |
---------------+-------------------------+-----
Conjurations   | 2 3 |  3.0
Dodging        | 3 4 |  4.0
Summonings     | 2 |  2.0
Stealth        | 4 |  4.0
Fighting       | 1 3 4 |  4.0
Air Magic      | 2 |  2.0
Poison Magic   | 2 |  2.0
Earth Magic    | 3 |  3.0
Transmutations | 2 3 |  3.4
Spellcasting   | |  3.0
Translocations | |  1.0

Action                   |  1- 3 |  4- 6 |  7- 9 || total
-------------------------+-------+-------+-------++-------
Melee: Dagger            |    39 |    69 |    73 ||   181
       Constrict         |     8 |    14 |     7 ||    29
       Tentacles         |     4 |    11 |    17 ||    32
 Cast: Magic Dart        |    75 |    75 |    21 ||   171
       Call Imp          |     3 |    20 |    11 ||    34
       Mephitic Cloud    |       |       |     4 ||     4
  Use: Potion            |     3 |     1 |       ||     4
       Scroll            |       |     5 |       ||     5
 Stab: Sleeping          |     2 |       |     5 ||     7
       Confused          |       |       |     3 ||     3
       Distracted        |       |       |     1 ||     1
Armor: Skin              |    17 |     5 |     4 ||    26
Dodge: Dodged            |    23 |    59 |    50 ||   132
